 Dungeon Crawl Stone Soup version 0.21-a0-265-gb353147 (webtiles) character file.

49 roguesci the Ruffian (level 3, -1/46 HPs)
             Began as a Naga Transmuter on Sept 10, 2017.
             Succumbed to Sigmund's poison
             ... on level 2 of the Dungeon.
             The game lasted 00:04:30 (1491 turns).

roguesci the Ruffian (Naga Transmuter)              Turns: 1491, Time: 00:04:31

Health: -1/46      AC: 21    Str: 17    XL:     3   Next: 77%
Magic:  2/6        EV:  1    Int: 14    God:
Gold:   40         SH:  0    Dex: 11    Spells: 2/6 levels left

rFire    . . .     SeeInvis +     - Unarmed
rCold    . . .     Gourm    .   (no shield)
rNeg     + + +     Faith    .   (armour currently unavailable)
rPois    +         Spirit   .   (helmet currently unavailable)
rElec    .         Reflect  .   (cloak currently unavailable)
rCorr    .         Harm     .   (gloves currently unavailable)
MR       .....     NoTele   +   (no barding)
Stlth    ++........             (no amulet)
HPRegen  0.15/turn              (no ring)
MPRegen  0.10/turn              (no ring)

@: mighty, lethally poisoned (-1 -> -24), tree-form, very slightly contaminated
A: see invisible, slow metabolism 1, spit poison 1, AC +1
a: Spit Poison


You were on level 2 of the Dungeon.
You were hungry.
You were a tree.
You visited 1 branch of the dungeon, and saw 2 of its levels.

You collected 40 gold pieces.

Inventory:

Missiles
 a - 12 arrows
 i - 4 stones (quivered)
Armour
 b - a +1 robe (melded)
 e - a +1 pair of gloves (melded)
Scrolls
 j - 2 scrolls of amnesia
Books
 c - a book of Changes

   Spells                             Type                      Level
   a - Beastly Appendage              Transmutation                1
   b - Sticks to Snakes               Transmutation                2
   c - Spider Form                    Transmutation/Poison         3
   d - Ice Form                       Ice/Transmutation            4
   e - Blade Hands                    Transmutation                5
Comestibles
 d - 2 bread rations
 h - a meat ration
 k - a royal jelly
 m - 3 chunks of flesh


   Skills:
 + Level 1.2 Fighting
 + Level 0.5 Armour
 * Level 2.0 Dodging
 + Level 1.2 Stealth
 + Level 3.3 Unarmed Combat
 + Level 2.2 Spellcasting
 * Level 2.4 Transmutations
 + Level 0.0 Poison Magic


You had 2 spell levels left.
You knew the following spells:

 Your Spells              Type           Power        Failure   Level  Hunger
a - Beastly Appendage     Tmut           #.....       9%          1    #......
b - Spider Form           Tmut/Pois      #.........   38%         3    ###....


Dungeon Overview and Level Annotations

Branches:
Dungeon (2/15)

Altars:

Annotations:
D:2 Sigmund


Innate Abilities, Weirdness & Mutations

You cannot wear boots.
((Your serpentine skin is tough. (AC +1)))
You have supernaturally acute eyesight. (SInv)
((Armour fits poorly on your strangely shaped body.))
((Your system is resistant to poisons. (rPois)))
((You cover ground very slowly.))
You have a slow metabolism.
You can spit poison.


Message History

You feel a strange sense of stasis.
It was a scroll of teleportation.
* * * LOW HITPOINT WARNING * * *
You feel sick. Sigmund hits you but does no damage.
As you read the scroll labeled LIKIYXZEASE, it crumbles to dust.
It is a scroll of identify.
j - 2 scrolls of amnesia
* * * LOW HITPOINT WARNING * * *
You feel sick. Sigmund hits you but does no damage.
You are more poisoned.
You cannot move.
You cannot move.
You cannot move.
You cannot move.
* * * LOW HITPOINT WARNING * * *
You feel very sick.
* * * LOW HITPOINT WARNING * * *
You feel sick. Sigmund hits you but does no damage.
* * * LOW HITPOINT WARNING * * *
You feel sick. Sigmund hits you but does no damage.
You die...

....###.......####
..............#
.......####......#
........# #......#
........# #......#
........# #......#
........# #......#
........# #......#
?.......####♣.....#
........†..†#######
..........@.# # ###
.........(..# .....
............#


.PP#P ............# P..P. ...!........# ..... ............# ...[. ............#
..... You could see Sigmund (invisible).

Vanquished Creatures
  An ooze (D:1)
  2 worms (D:2)
  A dart slug (D:1)
  A leopard gecko (D:2)
  A giant cockroach (D:1)
  3 goblins (D:1)
  5 hobgoblins
  2 jackals (D:1)
  A quokka (D:2)
  8 bats
  5 frilled lizards
  A kobold (D:1)
  7 rats
38 creatures vanquished.

Notes
Turn   | Place    | Note
-------+----------+-------------------------------------------
     0 | D:1      | roguesci the Naga Transmuter began the quest for the Orb.
     0 | D:1      | Reached XP level 1. HP: 18/18 MP: 3/3
   220 | D:1      | Reached XP level 2. HP: 21/25 MP: 3/5
   854 | D:1      | Reached XP level 3. HP: 22/31 MP: 6/6
   947 | D:1      | Learned a level 3 spell: Spider Form
  1461 | D:2      | Noticed Sigmund
  1477 | D:2      | Reached skill level 1 in Stealth
  1490 | D:2      | HP: 1/46 [poisoned by Sigmund]
  1491 | D:2      | Succumbed to Sigmund's poison

Vault maps used:
D:1:      scummos_arrival_simple_crosswalls, minivault_24
D:2:      cheibrodos_old_hovel, first_bread, uniq_sigmund

Skill      XL: |  1  2  3 |
---------------+----------+-----
Dodging        | 2 |  2.0
Stealth        | 1 |  1.2
Fighting       | |  1.2
Armour         | |  0.5
Unarmed Combat | |  3.3
Spellcasting   | |  2.2
Transmutations | |  2.4

Action                   || total
-------------------------++-------
Melee: Unarmed           ||   123
       Punch             ||     2
       Headbutt          ||     1
Throw: Stone             ||     4
 Cast: Beastly Appendage ||     4
       Spider Form       ||     2
 Abil: Spit Poison       ||     4
  Use: Scroll            ||     3
       Potion            ||     3
 Stab: Sleeping          ||     2
  Eat: Chunk             ||     1
Armor: Robe              ||    65
       Skin              ||     9
Dodge: Dodged            ||   113

Table legend:
 A = Spawn XP
 B = Non-spawn XP
 C = Spawn XP percentage of total XP
 D = Spawn monster count
 E = Non-spawn monster count
 F = Spawn count percentage of total count
 G = Total turns spent on level
                    A         B        C        D         E        F      G
               +---------+---------+-------+---------+---------+-------+---------
         Total |       0 |      71 |   0.0 |       0 |      38 |   0.0 |  1491
               +---------+---------+-------+---------+---------+-------+---------
           D:1 |       0 |      44 |   0.0 |       0 |      24 |   0.0 |  1131
           D:2 |       0 |      27 |   0.0 |       0 |      14 |   0.0 |   360
               +---------+---------+-------+---------+---------+-------+---------
